 Dungeon Crawl Stone Soup version 0.29-a0-222-g5b244fca1f (webtiles) character file.

Game seed: 9347133382953618606

225402 drugrobin the Severer (level 17, -3/234 HPs)
             Began as a Demigod Fighter on Feb 27, 2022.
             Slain by an emperor scorpion (5 damage)
             ... on level 1 of the Spider Nest on Feb 28, 2022.
             The game lasted 01:48:35 (36870 turns).

drugrobin the Severer (Demigod Fighter)            Turns: 36870, Time: 01:48:36

Health: -3/234     AC: 20    Str: 29    XL:     17   Next: 98%
Magic:  20/20      EV:  2    Int: 22    God:
Gold:   691        SH:  0    Dex: 10    Spells: 7/16 levels left

rFire   . . .      SeeInvis .   Z - +3 executioner's axe of Byxteroobi {elec, rElec rN++ Dex-3}
rCold   . . .      Faith    .   (shield currently unavailable)
rNeg    + + .      Spirit   .   (body armour currently unavailable)
rPois   +          Reflect  .   (helmet currently unavailable)
rElec   +          Harm     .   (cloak currently unavailable)
rCorr   .          Rampage  .   (gloves currently unavailable)
Will    ++...      NoTele   +   (boots currently unavailable)
Stlth   +.........              w - amulet of regeneration
HPRegen 1.29/turn               y - +4 ring of protection
MPRegen 0.17/turn               f - ring "Xypreuff" {Fly Will+ Int+4}

@: tree-form, corroded
A: stationary, stasis, torment immunity, boosted hp, high MP 1, forlorn, divine
attributes
}: 1/15 runes: decaying
a: no special abilities


You were on level 1 of the Spider Nest.
You were a tree.
You visited 5 branches of the dungeon, and saw 29 of its levels.
You also visited: Gauntlet.

You collected 3398 gold pieces.
You spent 2707 gold pieces at shops.

Inventory:

Hand Weapons
 a - a +4 war axe
 s - a +2 dagger of venom
 G - a +2 battleaxe of flaming
 Z - the +3 executioner's axe of Byxteroobi (weapon) {elec, rElec rN++ Dex-3}
   (You acquired it on level 13 of the Dungeon)

   It occasionally discharges a powerful burst of electricity upon striking a
   foe.
   Dex:       It affects your dexterity (-3).
   rElec:     It insulates you from electricity.
   rN:        It greatly protects you from negative energy.
Missiles
 t - 22 poisoned darts
 x - 11 curare-tipped darts
 H - 23 javelins (quivered)
 R - a throwing net
Armour
 c - a +0 buckler
 p - a +2 helmet (melded)
 q - the +2 crystal plate armour "Zoirrieg" {rCorr Int+6}
   (You acquired it on level 5 of the Lair of Beasts)

   Int:       It affects your intelligence (+6).
   rCorr:     It protects you from acid and corrosion.
 z - a +0 pair of boots of rampaging (melded)
 K - a +1 cloak of willpower (melded)
 L - the +0 pair of fencer's gloves (melded) {Riposte Dex+3}
   (You bought it in a shop on level 2 of the Orcish Mines)

   It allows the wearer to riposte with melee weapons, swiftly retaliating
   against missed attacks.
   Dex:       It affects your dexterity (+3).
 T - +0 swamp dragon scales (melded)
Jewellery
 e - an amulet of reflection
 f - the ring "Xypreuff" (right branch) {Fly Will+ Int+4}
   (You found it in a Gauntlet)

   [ring of willpower]

   Int:       It affects your intelligence (+4).
   Fly:       It grants you flight.
   Will:      It increases your willpower.
 h - a +4 ring of evasion
 k - a ring of protection from fire
 m - a ring of ice
 w - an amulet of regeneration (around neck)
 y - a +4 ring of protection (left branch)
 D - the ring of the Mackerel {Dex+4 SInv}
   (You found it on level 5 of the Lair of Beasts)

   [ring of see invisible]

   Dex:       It affects your dexterity (+4).
   SInv:      It lets you see invisible.
 V - a ring of positive energy
Wands
 r - a wand of polymorph (5)
 B - a wand of paralysis (9)
 N - a wand of iceblast (23)
 S - a wand of flame (3)
 U - a wand of digging (7)
 X - a wand of charming (19)
Scrolls
 g - 4 scrolls of identify
 i - 2 scrolls of vulnerability
 o - 2 scrolls of blinking
 C - a scroll of brand weapon
 E - a scroll of enchant armour
 J - 10 scrolls of teleportation
 M - a scroll of silence
 O - a scroll of immolation
 W - a scroll of torment
Potions
 b - 3 potions of haste
 d - 3 potions of might
 j - a potion of ambrosia
 n - 3 potions of flight
 u - 7 potions of lignification
 v - 11 potions of curing
 F - a potion of attraction
 P - 2 potions of resistance
 Q - 4 potions of cancellation
Miscellaneous
 A - a condenser vane (inert)
 I - a tin of tremorstones (2/2)
 Y - a piece from Xom's chessboard (15/15)


   Skills:
 - Level 15.3 Fighting
 + Level 20.5 Axes
 + Level 13.3 Armour
 - Level 2.6 Shields
 + Level 9.2 Necromancy
 - Level 5.0 Evocations


You had 7 spell levels left.
You knew the following spells:

 Your Spells              Type           Power      Damage    Failure   Level
a - Dispel Undead         Necr           40%        3d16      3%          4
b - Corpse Rot            Necr/Air       40%        N/A       3%          2
c - Mephitic Cloud        Conj/Pois/Air  0%         N/A       45%         3

Your spell library contained the following spells:

 Spells                   Type           Power      Damage    Failure   Level
 Sublimation of Blood     Necr           40%        N/A       1%          2
 Magic Dart               Conj           0%         1d3       17%         1
 Blink                    Tloc           0%         N/A       26%         2
 Call Imp                 Summ           0%         N/A       26%         2
 Ensorcelled Hibernation  Hex/Ice        0%         N/A       26%         2
 Passwall                 Tmut/Erth      0%         N/A       26%         2
 Poisonous Vapours        Pois/Air       0%         N/A       26%         2
 Wereblood                Tmut           0%         N/A       26%         2
 Stone Arrow              Conj/Erth      0%         3d7       45%         3
 Swiftness                Air            0%         N/A       45%         3
 Death Channel            Necr           20%        N/A       52%         6
 Airstrike                Air            0%         N/A       86%         4
 Animate Armour           Summ/Erth      0%         N/A       86%         4
 Petrify                  Tmut/Erth      0%         N/A       86%         4
 Summon Lightning Spire   Summ/Air       0%         N/A       86%         4
 Blade Hands              Tmut           0%         N/A       99%         5
 Irradiate                Conj/Tmut      0%         3d13      99%         5
 Iskenderun's Battlesphe  Conj           0%         2d6       99%         5
 Lightning Bolt           Conj/Air       0%         1d11      99%         5
 Manifold Assault         Tloc           0%         N/A       99%         5
 Summon Forest            Summ/Tloc      0%         N/A       99%         5
 Summon Mana Viper        Hex/Summ       0%         N/A       99%         5
 Iron Shot                Conj/Erth      0%         9d1       100%        6
 Summon Cactus Giant      Summ           0%         N/A       100%        6
 Spellforged Servitor     Conj/Summ      0%         N/A       100%        7
 Storm Form               Tmut/Air       0%         N/A       100%        7
 Summon Hydra             Summ           0%         N/A       100%        7
 Borgnjor's Revivificati  Necr           20%        N/A       100%        8
 Lehudib's Crystal Spear  Conj/Erth      0%         10d2      100%        8
 Necromutation            Tmut/Necr      10%        N/A       100%        8
 Death's Door             Necr           20%        N/A       100%        9


Dungeon Overview and Level Annotations

Branches:
Dungeon (15/15)            Temple (0/1) D:6            Lair (6/6) D:8
  Swamp (4/4) Lair:4       Spider (2/4) Lair:3        Slime (0/5) Lair:6
    Orc (2/2) D:9             Elf (0/3) Orc:2        Vaults (0/5) D:14
 Depths (0/4) D:15        Gauntlet (visited)

Shops:
D:5 (*:   D:9 *   D:10 *   Orc:1 !   Orc:2 :([!

Annotations:
D:7 2 runed translucent doors
D:13 Rupert


Innate Abilities, Weirdness & Mutations

You are a tree.
Your roots penetrate the ground, keeping you stationary.
You cannot be teleported.
You are immune to unholy pain and torment.
Your maximum health is greatly increased.
Your equipment is partially melded.
You have an increased reservoir of magic. (+10% MP)
You shall have no god before yourself.
Your divine heritage dramatically boosts your attributes as you level up.


Message History

* * * LOW HITPOINT WARNING * * *
The emperor scorpion claws you but does no damage.
Unknown command.
Unknown command.
Unknown command.
Unknown command.
Unknown command.
You slice the entropy weaver!!
The entropy weaver is severely wounded.
You slash the emperor scorpion!
You feel sick.
You are no longer poisoned.
The entropy weaver hits you.
* * * LOW HITPOINT WARNING * * *
The entropy weaver hits you but does no damage.
The entropy weaver hits you.
* * * LOW HITPOINT WARNING * * *
The entropy weaver hits you but does no damage.
The emperor scorpion stings you but does no damage.
The emperor scorpion claws you but does no damage. x2
Unknown command.
Unknown command.
Unknown command.
Unknown command.
Unknown command.
Unknown command.
Unknown command.
Unknown command.
Unknown command.
You cannot teleport because you are held in place by your roots.
Unknown command.
Unknown command.
You miss the entropy weaver.
The entropy weaver is severely wounded.
You slash the emperor scorpion!
The entropy weaver casts a spell at you.
The entropic weave corrodes you! The emperor scorpion stings you!!
* * * LOW HITPOINT WARNING * * *
The emperor scorpion claws you but does no damage.
The emperor scorpion claws you.
You die...

##............###.## #.......
#...........## #..###.......
#..........## ##..##......^
##...####### ##.##.......
#.#### ###..##...... ##.#
####..#..#...... #..#
#####.....##.##..... ##.##
#####...s......#..#.....
#..####^.....♣B[.....##..#....
#.###.......†.........##†#....
##.#
#.................##..#...
#.##
#..>............#####.#... #.#
####........##### ###### ###
##########


You could see an emperor scorpion and an entropy weaver.

Vanquished Creatures
  the Lernaean hydra (Swamp:3)
  Nikola (Swamp:1)
  Kirke (Spider:1)
  An emperor scorpion (Spider:1)
  2 orc warlords
  Louise (Spider:1)
  7 eleionomae
  An entropy weaver (Spider:1)
  A minotaur (Gauntlet)
  3 bunyips (Swamp:2)
  2 spark wasps (Spider:1)
  An ettin (Orc:1)
  Snorg (Orc:2)
  A fire dragon (D:15)
  Josephine (Orc:1)
  5 boulder beetles
  An ice dragon (D:15)
  25 hydras
  A ghost crab (Swamp:4)
  2 ogre magi (Orc:2)
  3 centaur warriors
  3 alligators
  6 catoblepae
  12 two-headed ogres
  A radroach (Spider:1)
  8 death yaks
  3 tengu warriors
  Sonja (D:10)
  A deep elf knight (D:14)
  Urug (Lair:3)
  Amaemon (Lair:1)
  5 pharaoh ants (Spider:1)
  4 skeletal warriors (D:13)
  A sun moth (Spider:1)
  2 spriggan druids
  4 goliath frogs
  An orb spider (Spider:2)
  8 swamp dragons
  4 steelbarb worms
  2 wizards
  2 deep trolls (Orc:2)
  A harpy (shapeshifter) (D:14)
  3 bog bodies
  2 orc knights (D:15)
  7 wolf spiders (Spider:1)
  The ghost of freelancePsychic the Conjurer, a novice DsWn of Ru (D:7)
  2 deep elf pyromancers
  9 cyclopes
  2 deep elf zephyrmancers (D:14)
  15 ugly things
  5 will-o-the-wisps
  4 manticores
  4 oklob plants (Lair:5)
  5 black mambas
  2 moths of wrath
  5 elephants (Lair:3)
  Maurice (D:8)
  9 cane toads
  3 demonic crawlers (Spider:1)
  An orange demon (Lair:1)
  3 torpor snails
  8 yaktaurs
  4 rime drakes
  An unseen horror (D:12)
  9 komodo dragons
  A tengu conjurer (D:15)
  3 kobold demonologists
  A bloated husk (Swamp:1)
  4 tyrant leeches
  7 tarantellas (Spider:1)
  A polar bear (Lair:6)
  11 trolls
  20 blink frogs
  A meliai (shapeshifter) (D:15)
  Prince Ribbit (D:8)
  6 hornets
  20 slime creatures
  10 jumping spiders
  5 spriggans
  A shadow (D:9)
  5 wraiths
  51 yaks
  3 wyverns
  10 culicivoras
  2 large abominations (Gauntlet)
  3 water elementals (D:15)
  3 basilisks
  4 hogs (Spider:1)
  12 vampire mosquitoes
  A basilisk (shapeshifter) (D:12)
  5 steam dragons
  17 redbacks
  6 wargs
  15 swamp worms
  A two-headed ogre zombie (D:9)
  17 water moccasins
  An ice beast (D:6)
  24 orc warriors
  11 swamp drakes
  2 sky beasts
  A black bear (D:6)
  A tengu (shapeshifter) (D:14)
  A necrophage (D:6)
  25 ogres
  28 wolves
  8 centaurs
  3 phantoms
  4 small abominations (Gauntlet)
  15 bullfrogs
  2 kobold brigands
  4 scorpions
  11 killer bees
  A troll zombie (D:9)
  13 wights
  A howler monkey (D:11)
  An electric eel (D:15)
  5 hounds
  A jelly (D:5)
  2 gnoll shamans
  18 orc priests
  Jessica (D:2)
  7 iguanas
  20 orc wizards
  4 hell rats (Lair:3)
  6 ogre zombies (D:9)
  Robin (D:2)
  10 gnolls
  5 adders
  6 white imps
  A worm (D:4)
  73 orcs
  4 ball pythons
  6 endoplasms
  4 giant cockroaches
  16 goblins
  5 hobgoblins
  2 jackals (D:1)
  11 kobolds
  A quokka (D:1)
  2 bats (D:1)
  2 frilled lizards (D:1)
  A goblin skeleton (D:9)
  A goblin zombie (D:9)
  A hobgoblin skeleton (D:9)
  5 hobgoblin zombies (D:9)
  2 orc skeletons (D:9)
  15 orc zombies (D:9)
  2 rats
882 creatures vanquished.

Vanquished Creatures (others)
  An ogre mage (D:14)
  5 bloated husks
  A spriggan (Swamp:1)
  A swamp worm (Swamp:2)
  2 orcs
  24 foxfires
  36 fungi
  84 plants
154 creatures vanquished.

Grand Total: 1036 creatures vanquished

Notes
Turn   | Place    | Note
-------+----------+-------------------------------------------
     0 | D:1      | drugrobin the Demigod Fighter began the quest for the Orb.
     0 | D:1      | Reached XP level 1. HP: 18/18 MP: 3/3
    20 | D:1      | Reached skill level 2 in Axes
   281 | D:1      | Reached XP level 2. HP: 19/25 MP: 4/4
   388 | D:1      | Reached skill level 3 in Axes
   865 | D:1      | Reached XP level 3. HP: 29/30 MP: 5/5
  1311 | D:2      | Noticed Jessica
  1324 | D:2      | Killed Jessica
  1444 | D:2      | Noticed Robin
  1468 | D:2      | Killed Robin
  1469 | D:2      | Reached skill level 4 in Axes
  1470 | D:2      | Reached XP level 4. HP: 23/37 MP: 6/6
  1903 | D:3      | Reached skill level 1 in Evocations
  2764 | D:4      | Noticed an ogre
  2775 | D:4      | Killed an ogre
  2776 | D:4      | Reached XP level 5. HP: 42/42 MP: 7/7
  2926 | D:4      | Reached skill level 5 in Axes
  2926 | D:4      | Reached XP level 6. HP: 32/50 MP: 8/8
  3236 | D:5      | Entered Level 5 of the Dungeon
  3236 | D:5      | Found Soxt's Weapon Boutique.
  3385 | D:5      | Found Jocsyako's Book Emporium.
  3446 | D:5      | Found Cilau's Assorted Antiques.
  3500 | D:5      | Reached XP level 7. HP: 37/56 MP: 9/9
  3643 | D:5      | Bought a steaming bone ring for 105 gold pieces
  3643 | D:5      | Identified the ring of Owioryne {rCorr Str-4 Dex+2 SInv}
                  | (You bought it in a shop on level 5 of the Dungeon)
  3643 | D:5      | Bought a scroll labelled DIL XUASCHUE for 21 gold pieces
  3643 | D:5      | Bought a jewelled bone wand for 84 gold pieces
  3651 | D:5      | Reached skill level 6 in Axes
  4098 | D:5      | Reached skill level 5 in Evocations
  4154 | D:5      | Identified the +1 robe of Xom's Hatred {rElec Dex+3}
  4213 | D:6      | Reached skill level 7 in Axes
  4214 | D:6      | Noticed a wyvern
  4225 | D:6      | Killed a wyvern
  4226 | D:6      | Reached XP level 8. HP: 26/62 MP: 10/10
  4478 | D:6      | Reached skill level 8 in Axes
  4912 | D:6      | Found a staircase to the Ecumenical Temple.
  5200 | D:5      | Reached skill level 9 in Axes
  6762 | D:7      | Reached XP level 9. HP: 44/67 MP: 11/11
  6972 | D:7      | Reached skill level 10 in Axes
  7209 | D:7      | Found a runed translucent door.
  7209 | D:7      | Found a runed translucent door.
  7209 | D:7      | Noticed a kobold demonologist
  7209 | D:7      | Noticed a death knight
  7316 | D:7      | Found a runed translucent door.
  7316 | D:7      | Noticed freelancePsychic's ghost (novice DsWn)
  7483 | D:7      | Killed freelancePsychic's ghost
  7484 | D:7      | Reached skill level 5 in Fighting
  8388 | D:8      | Noticed Maurice
  8402 | D:8      | Killed Maurice
  8403 | D:8      | Reached skill level 11 in Axes
  8534 | D:8      | Found a staircase to the Lair.
  8622 | D:8      | Reached XP level 10. HP: 58/84 MP: 13/13
  9190 | D:9      | Noticed Prince Ribbit
  9211 | D:8      | Killed Prince Ribbit
  9496 | D:9      | Found a staircase to the Orcish Mines.
  9804 | D:9      | Found Varal's Demolitions Depot.
  9822 | D:9      | Reached skill level 12 in Axes
 10031 | D:9      | Bought a scroll of immolation for 42 gold pieces
 10031 | D:9      | Bought a wand of iceblast (5) for 108 gold pieces
 10071 | D:9      | Identified the +4 battleaxe of Dainnos {distort, +Blink rC-
                  | rCorr Str+4}
 10869 | D:10     | Entered Level 10 of the Dungeon
 11256 | D:10     | Noticed Sonja
 11266 | D:10     | Killed Sonja
 11413 | D:10     | Found Xapeps's Neck Hole.
 11425 | D:10     | Bought an amulet of regeneration for 390 gold pieces
 11858 | D:11     | Noticed a two-headed ogre
 11873 | D:11     | Killed a two-headed ogre
 11874 | D:11     | Reached XP level 11. HP: 84/97 MP: 14/14
 11926 | D:11     | Noticed a two-headed ogre
 11938 | D:11     | Killed a two-headed ogre
 12482 | D:12     | Reached skill level 13 in Axes
 12489 | D:12     | Found a gate leading to a gauntlet.
 12504 | Gauntlet | Entered a Gauntlet
 12504 | Gauntlet | Found a transporter.
 12517 | Gauntlet | Found a transporter.
 12518 | Gauntlet | Noticed a catoblepas
 12528 | Gauntlet | Found a transporter.
 12530 | Gauntlet | Found a large runed translucent door.
 12531 | Gauntlet | Found a large runed translucent door.
 12532 | Gauntlet | Found a large runed translucent door.
 12532 | Gauntlet | Found a large runed translucent door.
 12532 | Gauntlet | Found a runed translucent door.
 12533 | Gauntlet | Found a transporter.
 12534 | Gauntlet | Found a runed translucent door.
 12535 | Gauntlet | Found a large runed translucent door.
 12535 | Gauntlet | Found a large runed translucent door.
 12536 | Gauntlet | Found a large runed translucent door.
 12537 | Gauntlet | Found a large runed translucent door.
 12543 | Gauntlet | Found a large runed translucent door.
 12543 | Gauntlet | Found a large runed translucent door.
 12544 | Gauntlet | Found a large runed translucent door.
 12544 | Gauntlet | Found a large runed translucent door.
 12545 | Gauntlet | Found a large runed translucent door.
 12545 | Gauntlet | Found a large runed translucent door.
 12546 | Gauntlet | Found a runed translucent gate.
 12546 | Gauntlet | Found a runed translucent gate.
 12546 | Gauntlet | Found a runed translucent gate.
 12548 | Gauntlet | Found a transporter.
 12548 | Gauntlet | Noticed a blizzard demon
 12558 | Gauntlet | Found a large runed translucent door.
 12559 | Gauntlet | Found a large runed translucent door.
 12570 | Gauntlet | Found a transporter.
 12575 | Gauntlet | Noticed a wizard
 12578 | Gauntlet | Noticed a wizard
 12579 | Gauntlet | Found a transporter.
 12594 | Gauntlet | Noticed a sixfirhy
 12595 | Gauntlet | Found a transporter.
 12598 | Gauntlet | Noticed a sixfirhy
 12600 | Gauntlet | Noticed a sixfirhy
 12607 | Gauntlet | Found a transporter.
 12612 | Gauntlet | Found a transporter.
 12614 | Gauntlet | Found a transporter.
 12614 | Gauntlet | Found a transporter.
 12616 | Gauntlet | Noticed a wizard
 12632 | Gauntlet | Noticed a death scarab
 12633 | Gauntlet | Noticed a death scarab
 12635 | Gauntlet | Found a transporter.
 12640 | Gauntlet | Found a transporter.
 12683 | Gauntlet | Found a transporter.
 12708 | Gauntlet | Found a transporter.
 12726 | Gauntlet | Found a transporter.
 12804 | Gauntlet | Found a transporter.
 13108 | Gauntlet | Killed a wizard
 13109 | Gauntlet | Reached skill level 10 in Fighting
 13117 | Gauntlet | Identified the ring "Xypreuff" {Fly Will+ Int+4}
 13310 | Gauntlet | Identified the +11 rapier of Oenomania {flame, Str+3}
 13310 | Gauntlet | Noticed a minotaur
 13324 | Gauntlet | Killed a minotaur
 14141 | D:12     | Noticed a two-headed ogre
 14154 | D:12     | Killed a two-headed ogre
 14276 | D:12     | Noticed a boulder beetle
 14314 | D:12     | Killed a boulder beetle
 14490 | D:13     | Noticed a catoblepas
 14494 | D:13     | Reached skill level 14 in Axes
 14505 | D:13     | Killed a catoblepas
 15223 | D:13     | Identified a scroll of acquirement
 15225 | D:13     | Acquired the +3 executioner's axe of Byxteroobi {elec,
                  | rElec rN++ Dex-3}
 15331 | D:13     | Noticed a centaur warrior
 15340 | D:13     | Killed a centaur warrior
 15341 | D:13     | Reached XP level 12. HP: 106/110 MP: 15/15
 15341 | D:13     | Reached skill level 5 in Armour
 15341 | D:13     | Reached XP level 13. HP: 114/118 MP: 16/16
 15342 | D:13     | Reached skill level 15 in Axes
 15342 | D:13     | Reached XP level 14. HP: 123/126 MP: 17/17
 16203 | D:5      | Bought a scroll labelled IKHUPP SAEM for 21 gold pieces
 16296 | Lair:1   | Entered Level 1 of the Lair of Beasts
 16647 | Lair:1   | Reached skill level 16 in Axes
 17062 | Lair:1   | Noticed Amaemon
 17082 | Lair:1   | Killed Amaemon
 17617 | Lair:2   | Reached XP level 15. HP: 136/136 MP: 18/18
 18368 | Lair:3   | Noticed Urug
 18388 | Lair:3   | Killed Urug
 19204 | Lair:3   | Found a hole to the Spider Nest.
 19681 | Lair:4   | Reached skill level 17 in Axes
 19781 | Lair:4   | where the heck is thta volcano
 19797 | Lair:4   | Found a staircase to the Swamp.
 20250 | Lair:4   | wow
 20616 | Lair:4   | missed a portal branch
 20616 | Lair:4   | makes me want to suicide tbh
 20782 | Lair:5   | Acquired the +2 crystal plate armour "Zoirrieg" {rCorr
                  | Int+6}
 21490 | Lair:5   | Identified the ring of the Mackerel {Dex+4 SInv}
 21595 | Lair:6   | Entered Level 6 of the Lair of Beasts
 21693 | Lair:6   | Found a staircase to the Slime Pits.
 21771 | Lair:6   | not enough yaks
 21774 | Lair:6   | Reached skill level 15 in Fighting
 22127 | Lair:6   | Reached skill level 18 in Axes
 22153 | Lair:6   | Reached XP level 16. HP: 149/149 MP: 19/19
 22871 | Orc:1    | Entered Level 1 of the Orcish Mines
 23084 | Orc:1    | Noticed Josephine
 23205 | Orc:1    | Killed Josephine
 23380 | Orc:1    | Found Boysuca's Distillery.
 24037 | Orc:2    | Entered Level 2 of the Orcish Mines
 24466 | Orc:2    | Found Vorif's Book Shoppe.
 24530 | Orc:2    | Noticed Snorg
 24562 | Orc:2    | Killed Snorg
 24696 | Orc:2    | Found Lushrusk's Weapon Shoppe.
 24698 | Orc:2    | Found Ceinke's Antique Armour Shop.
 24699 | Orc:2    | Bought a Necronomicon for 616 gold pieces
 24709 | Orc:2    | Learned a level 4 spell: Dispel Undead
 24711 | Orc:2    | Found Woris's Distillery.
 24885 | Orc:2    | Found a staircase to the Elven Halls.
 25433 | D:14     | Reached skill level 10 in Armour
 25433 | D:14     | Reached skill level 1 in Necromancy
 25674 | D:14     | Noticed Rupert
 26022 | D:14     | Reached skill level 19 in Axes
 26489 | D:14     | Found a gate to the Vaults.
 26528 | D:15     | Entered Level 15 of the Dungeon
 27628 | D:15     | Reached skill level 5 in Necromancy
 27717 | D:15     | Found a staircase to the Depths.
 28127 | Swamp:1  | Entered Level 1 of the Swamp
 28720 | Lair:4   | Reached XP level 17. HP: 95/156 MP: 20/20
 28797 | Swamp:1  | Paralysed by a hornet for 3 turns
 29249 | Swamp:2  | Noticed Nikola
 29286 | Swamp:1  | Killed Nikola
 29574 | Orc:2    | Bought the +0 pair of fencer's gloves {Riposte Dex+3} for
                  | 1320 gold pieces
 29574 | Orc:2    | Found the +0 pair of fencer's gloves {Riposte Dex+3}
 30166 | Swamp:2  | Identified the +0 buckler of Daisies {rC- Dex+5}
 31673 | Swamp:4  | Entered Level 4 of the Swamp
 32645 | Swamp:4  | Noticed the 27-headed Lernaean hydra
 33490 | Swamp:4  | Got a decaying rune of Zot
 33562 | Swamp:3  | Reached skill level 20 in Axes
 33671 | Swamp:3  | Killed the 20-headed Lernaean hydra
 34547 | Swamp:4  | Learned a level 2 spell: Corpse Rot
 34716 | Spider:1 | Entered Level 1 of the Spider Nest
 34818 | Spider:1 | Identified the +3 ring mail of Ibesuag {rElec rPois rCorr
                  | Dex-2}
 34905 | Spider:1 | Noticed Louise
 35400 | Spider:1 | Killed Louise
 35455 | Spider:1 | Noticed Kirke
 35494 | Spider:1 | Killed Kirke
 36322 | Spider:2 | Learned a level 3 spell: Mephitic Cloud
 36867 | Spider:1 | HP: 9/234 [emperor scorpion (4)]
 36868 | Spider:1 | gg
 36870 | Spider:1 | HP: 2/234 [emperor scorpion (19)]
 36870 | Spider:1 | Slain by an emperor scorpion

Illustrated notes .......>. ......>.. #### #........ ....###......P. ............... ........?....# #...P.....# #P.@...## ###.....# ##.....## ###.......# #......#.... ##.....##.... #.....#####.. ##........# ## # ###.........## Turn 19781 on Lair:4: where the heck is thta volcano #.#..P# ... ... ####..# .... .. #..## #...# .. ##..# ## #.<.## . ##.####. # #.....#. #...#... # #....## ##...... # #P....## ##†.#.## # #..@.# #..###.# ## #....## ##..## ## .# #.#...######....# .### ###.............## .#.# ##...........P.# ..## ##..............## ..### #................# ..PP# ##...............## ....######## #....§.§§........P# Turn 20250 on Lair:4: wow

####P.......## ###... ####
#............## #....#
#..###.###.........# ##...#
..###.##≈##.....#### ##....#
.)...##§§≈##..### ##...###
.P....≈§≈§≈#### ### ##...P#..
.###..†......#### #.####........
## #..≈§≈≈≈##.#.#####............
####§≈≈####..@##..............
##.##§##.###.###....##...##...
#...###...#### #...P###.<.##..
##.........#####...P###.....#.
######..........##P.......##....#
...#....#......####.......##P....
...............## ##.......###...
......P....^....## #......## #...
.......P..†...<..# ##...### #.#.


Turn 20616 on Lair:4: missed a portal branch ##.........# ######
#........######.##.##### #.#..........#....†...... #.................†......
......<................... .).......†................ ...................#......
.......................... ........@................ ......YYY...............
......Y..P..........#.(# ...YYY....#..##..# ###( ....Y...##.### ## ........# ##
......### ...... Turn 21771 on Lair:6: not enough yaks ##............###.##
#....... #...........## #..###....... #..........## ##..##......^ ##...#######
##.##....... #.#### ###..##...... ##.# ####..#..#...... #..#
#####.....##.##..... ##.## #####...s......#..#.....
#..####^.....♣B[.....##..#.... #.###.......†.........##†#.... ##.#
#.................##..#... #.## #..>............#####.#... #.# ####........#####
###### ### ########## Turn 36868 on Spider:1: gg

Levels and vault maps discovered:
D:1:      eino_arrival_water_star, layout_rooms, serial_forest,
          infiniplex_forest_clump_curved, infiniplex_forest_end_1,
          infiniplex_forest_lined_1, infiniplex_forest_lined_room_,
          infiniplex_forest_lined_1, infiniplex_forest_clump_small,
          infiniplex_forest_lined_ring, ebering_ecumenical_altar_sacrificial,
          minmay_misc_feat_cross, chequers_serial_rivers_large_b,
          minmay_tetromino_i2
D:2:      layout_rooms, uniq_jessica, uniq_robin
D:3:      layout_rooms, nicolae_overflow_squiral
D:4:      layout_basic
D:5:      layout_rooms, serial_shops, nicolae_shop_competitors_out_of_business,
          shop, nicolae_shop_bloodbath_and_beyond
D:6:      layout_rooms, minmay_temple_entry_proselytizer
D:7:      minmay_the_grid_triangle_9x9_rhombus_full
          [minmay_the_grid_triangle_9x9_sprig,
          minmay_the_grid_triangle_9x9_wacky_v,
          minmay_the_grid_triangle_9x9_negative_grid,
          minmay_the_grid_triangle_9x9_pentomino_pain,
          minmay_the_grid_triangle_9x9_windchime,
          minmay_the_grid_triangle_9x9_minimal,
          minmay_the_grid_triangle_9x9_tough_junction,
          minmay_the_grid_triangle_9x9_prize_top_heavy], layout_cave_pools,
          mainiacjoe_overflow_brackets, mainiacjoe_overflow_cross_hatched,
          gammafunk_ghost_grave
D:8:      layout_rooms, lair_entry_dummy, uniq_maurice
D:9:      minmay_goldmine, layout_basic, zombieorc2_lemuel, minmay_door_square,
          kennysheep_nub, nicolae_blasting_shop, uniq_prince_ribbit1
D:10:     layout_long_grid, nicolae_shop_sticking_my_neck_out, uniq_sonja
D:11:     layout_rooms, hellmonk_bongcloud_opening
D:12:     layout_gridville, gauntlet_entry_generic
D:13:     layout_basic, dk_noncrumbling_4,
          nicolae_concentric_dashed_squares_mild
D:14:     layout_basic, hangedman_vaults_entry_quadrant_bands, uniq_rupert
D:15:     grunt_enter_depths_hoard, layout_stronghold, serial_bayou,
          serial_bayou_lagoon_b, serial_bayou_lake_a, serial_bayou_pond_d,
          serial_bayou_pond_e, serial_bayou_pond_a,
          minmay_misc_feat_four_crosses
Lair:1:   layout_cave_shapes, grunt_forest_large_clearing_hut,
          grunt_megastairs_3, uniq_amaemon
Lair:2:   layout_loops_ring, minmay_lindwurm_lava
Lair:3:   layout_chaotic_city, spider_nest_entry_rubble, nicolae_lair_lil_pond,
          serial_bayou_shore_a, grunt_megastairs_2, lemuel_fruit_tree,
          infiniplex_staircase_pool, uniq_urug
Lair:4:   layout_cave_pods, minmay_swamp_entry_wisps, enter_volcano_4
Lair:5:   minmay_lair_oklob_tunnel, layout_misc_corridors, minivault_23
Lair:6:   evilmike_catoblepas_cave, layout_cave_shapes, slime_altar_1,
          chequers_serial_rivers_micro_d
Swamp:1:  layout_basic_swamp, nicolae_swamp_round_clearing
Swamp:2:  layout_falls_marsh, serial_swamp_ruin, evilmike_swamp_ruin_house_3,
          evilmike_swamp_ruin_house_5, evilmike_swamp_ruin_rubble_1, uniq_nikola
Swamp:3:  layout_basic_swamp, evilmike_swamp_ruin_house_1, swamp_pool5
Swamp:4:  swamp, layout_basic_swamp, nicolae_swamp_baby_hydras,
          infiniplex_staircase_pool_2
Spider:1: layout_cave_pods, nicolae_spider_shape, uniq_kirke, uniq_louise
Spider:2: spiders_nest_scorpion_pit
Orc:1:    layout_caves, basic_altar, serial_shops, shop,
          nicolae_orc_crystal_geode, uniq_josephine
Orc:2:    st_orc_open, layout_diamond_mine, uniq_snorg

Skill      XL: |  1  2  3  4  5  6  7  8  9 10 11 12 13 14 15 16 17 |
---------------+----------------------------------------------------+-----
Axes           | 2 3 4 5 7 9 11 12 14 15 16 18 19 20 | 20.5
Evocations     | 2 3 4 5 |  5.0
Fighting       | 4 6 9 11 12 13 15 | 15.3
Armour         | 5 6 7 11 13 | 13.3
Necromancy     | 5 9 |  9.2
Shields        | |  2.6

Action                   |  1- 3 |  4- 6 |  7- 9 | 10-12 | 13-15 | 16-18 || total
-------------------------+-------+-------+-------+-------+-------+-------++-------
Melee: Hand axe          |    88 |       |       |       |       |       ||    88
       War axe           |    21 |   109 |   322 |   455 |   441 |    25 ||  1373
       Executioner's axe |       |       |       |       |   264 |  1113 ||  1377
       Short sword       |       |       |       |       |     7 |       ||     7
       Dagger            |       |       |       |       |     4 |   160 ||   164
       Punch             |       |       |       |       |       |     7 ||     7
       Battleaxe         |       |       |       |       |       |    62 ||    62
Throw: Dart              |       |    11 |    20 |    14 |       |     7 ||    52
       Stone             |       |     2 |    14 |       |       |       ||    16
       Javelin           |       |       |     6 |     1 |       |     1 ||     8
       Throwing net      |       |       |       |     3 |     2 |       ||     5
Evoke: Wand              |     1 |     1 |     8 |     1 |    40 |    44 ||    95
       Tin of tremorston |       |       |       |     2 |     2 |     5 ||     9
       Condenser vane    |       |       |       |       |       |     3 ||     3
       Piece from Xom's  |       |       |       |       |       |     1 ||     1
  Use: Scroll            |       |       |     1 |    16 |     3 |     9 ||    29
       Potion            |       |       |       |     5 |     3 |    10 ||    18
 Stab: Paralysed         |       |       |       |     2 |       |    28 ||    30
       Held in net/web   |       |       |       |     1 |     1 |       ||     2
       Petrified         |       |       |       |     1 |       |       ||     1
Armor: Scale mail        |    50 |    59 |    47 |       |       |       ||   156
       Chain mail        |       |       |    92 |    97 |       |       ||   189
       Troll leather arm |       |       |       |    40 |       |       ||    40
       Plate armour      |       |       |       |    65 |   373 |       ||   438
       Crystal plate arm |       |       |       |       |   152 |  1594 ||  1746
       Swamp dragon scal |       |       |       |       |       |   242 ||   242
       Skin              |       |       |       |       |       |    69 ||    69
Dodge: Dodged            |    41 |    39 |   181 |   214 |   309 |   775 ||  1559
Block: Buckler           |    16 |    18 |    51 |    80 |    74 |       ||   239
       Rpst.: Executioner's axe |       |       |       |       |       |    36 ||    36
       Dagger            |       |       |       |       |       |     5 ||     5
       Battleaxe         |       |       |       |       |       |     3 ||     3

Table legend: (Time is in decaauts)
 A = Elapsed time spent in this place.
 B = Non-inter-level travel time spent in this place.
 C = Inter-level travel time spent in this place.
 D = Time resting spent in this place.
 E = Time spent auto-exploring this place.
 F = Levels seen in this place.
 G = Mean time per level.
                   A        B        C        D        E       F      G
               +--------+--------+--------+--------+--------+-----+--------+
         Total |  37020 |  33589 |   3431 |   7269 |  16871 |  30 | 1234.0 |
       Dungeon |  19126 |  17415 |   1711 |   3352 |   9743 |  15 | 1275.1 |
          Lair |   7420 |   6324 |   1096 |    893 |   3413 |   6 | 1236.7 |
         Swamp |   5462 |   5091 |    371 |   1973 |   1694 |   4 | 1365.5 |
   Spider Nest |   2139 |   2111 |     28 |    597 |    882 |   2 | 1069.5 |
  Orcish Mines |   1950 |   1727 |    223 |    263 |    895 |   2 |  975.0 |
      Gauntlet |    920 |    920 |      0 |    189 |    243 |   1 |  920.0 |
               +--------+--------+--------+--------+--------+-----+--------+

Top non-repeatable levels by time:
     D:9: 2727 daAuts
 Swamp:3: 2487 daAuts
     D:7: 2062 daAuts
Spider:1: 1777 daAuts
     D:6: 1765 daAuts
  Lair:4: 1733 daAuts
    D:13: 1638 daAuts
  Lair:1: 1607 daAuts
    D:12: 1415 daAuts
     D:1: 1309 daAuts
  Lair:3: 1300 daAuts
    D:14: 1280 daAuts
    D:15: 1150 daAuts
   Orc:2: 1139 daAuts
     D:5: 1109 daAuts
